 Dungeon Crawl Stone Soup version 0.16.2-12-gd0ad4c3 (webtiles) character file.

18 Gwarll the Grave Robber (level 2, 0/19 HPs)
             Began as a Human Necromancer on Jan 27, 2016.
             Succumbed to an adder's poison
             ... on level 1 of the Dungeon.
             The game lasted 00:05:13 (855 turns).

Gwarll the Grave Robber (Human Necromancer)          Turns: 855, Time: 00:05:13

Health: 0/19       AC:  4    Str:  8    XL:     2   Next: 85%
Magic:  0/4        EV: 11    Int: 15    God:
Gold:   45         SH:  0    Dex: 13    Spells: 2 memorised, 3 levels left

rFire  . . .     SeeInvis .     l - +0 hunting sling (curse)
rCold  . . .     Clarity  .     g - +0 leather armour
rNeg   . . .     SustAb   .     (no shield)
rPois  .         Gourm    .     (no helmet)
rElec  .         Spirit   .     (no cloak)
rCorr  .         Warding  .     (no gloves)
rMut   .         Stasis   .     h - +0 pair of boots
MR     .....                    (no amulet)
Stlth  ++........               q - ring of teleport control
                                d - ring of flight

@: lethally poisoned (0 -> -9), not resistant to hostile enchantments,
unstealthy
A: no striking features
a: Evoke Flight, Evoke Teleport Control


You were on level 1 of the Dungeon.
You were not hungry.

You visited 1 branch of the dungeon, and saw 2 of its levels.

You collected 45 gold pieces.

Inventory:

Hand weapons
 f - a +0 dagger
 l - a cursed +0 hunting sling (weapon)
Missiles
 j - 3 stones (quivered)
Armour
 g - a +0 leather armour (worn)
 h - a +0 pair of boots (worn)
Jewellery
 d - a ring of flight (left hand)
 q - a ring of teleport control (right hand)
Scrolls
 e - 4 scrolls of remove curse {unknown}
 i - a scroll of recharging {unknown}
 m - 2 scrolls of fog {unknown}
 n - a scroll of immolation {unknown}
 o - a scroll of enchant weapon {unknown}
 p - a scroll of amnesia {unknown}
Books
 b - a book of Necromancy

   Spells                             Type                      Level
   a - Pain                           Necromancy                   1
   b - Animate Skeleton               Necromancy                   1
   c - Vampiric Draining              Necromancy                   3
   d - Regeneration                   Charms/Necromancy            3
   e - Animate Dead                   Necromancy                   4
   f - Control Undead                 Necromancy                   4
Comestibles
 a - a chunk of flesh
 c - a bread ration
 k - a slice of pizza


   Skills:
 + Level 0.2 Short Blades
 + Level 0.2 Throwing
 + Level 0.2 Armour
 + Level 2.0 Dodging
 + Level 2.1 Stealth
 + Level 2.1 Spellcasting
 + Level 4.4 Necromancy


You had 3 spell levels left.
You knew the following spells:

 Your Spells              Type           Power        Failure   Level  Hunger
a - Pain                  Necr           ##..         8%          1    #......
b - Animate Skeleton      Necr           N/A          8%          1    #......


Dungeon Overview and Level Annotations

Branches:
Dungeon (2/15)

Altars:


Message History

The adder convulses in agony!
You feel sick. The adder bites you.
Casting: Pain
Confirm with . or Enter, or press ? or * to list all spells.
You don't have enough magic to cast that spell.
Unknown command.
* * * LOW HITPOINT WARNING * * *
You feel sick. The adder bites you.
* * * LOW HITPOINT WARNING * * *
You climb upwards.
* * * LOW HITPOINT WARNING * * *
You feel sick.
Your hobgoblin skeleton hits the adder but does no damage.
There is a stone staircase leading down here.
You swap places.
The adder barely misses you.
Your goblin skeleton barely misses the adder.
Your hobgoblin skeleton closely misses the adder.
* * * LOW HITPOINT WARNING * * *
You feel sick. The adder barely misses you.
Your hobgoblin skeleton closely misses the adder.
You die...

##.....#....#...#
##.....#....##..#
########....##..#
............##.Z##
............##.ZZ#
............##.#Z#
............##.#S#
............##Z#.#
.............ZZ#@#
............Z..#.#
...............#.#
...............#.#
...............#.#
######.........#.#
# #.........#.# #
#.........#.##
######............#


You could see an adder, a friendly goblin skeleton and 3 friendly hobgoblin
skeletons.

Vanquished Creatures
  A giant gecko (D:1)
  An ooze (D:1)
  2 giant cockroaches (D:1)
  2 goblins (D:1)
  5 hobgoblins (D:1)
  A bat (D:1)
  A kobold (D:1)
  A rat (D:1)
14 creatures vanquished.

Vanquished Creatures (others)
  A bat skeleton (D:1)
1 creature vanquished.

Grand Total: 15 creatures vanquished

Notes
Turn   | Place    | Note
--------------------------------------------------------------
     0 | D:1      | Gwarll, the Human Necromancer, began the quest for the Orb.
     0 | D:1      | Reached XP level 1. HP: 13/13 MP: 3/3
   133 | D:1      | Learned a level 1 spell: Animate Skeleton
   299 | D:1      | Reached XP level 2. HP: 19/19 MP: 2/4
   855 | D:1      | Succumbed to an adder's poison

Action                   || total
-------------------------++-------
Melee: Dagger            ||     4
 Fire: Hunting sling     ||    12
Throw: Stone             ||     1
 Cast: Pain              ||    24
       Animate Skeleton  ||     7
